 Dungeon Crawl Stone Soup version 0.25-a0-558-g78a2afb0af (webtiles) character file.

Game seed: 12705853555128657126, levelgen mode: deterministic

1 Maize the Chopper (level 1, 0/19 HPs)
             Began as a Minotaur Berserker on Oct 14, 2019.
             Was a Follower of Trog.
             Slain by a hobgoblin
             ... wielding a +0 club
              (1 damage)
             ... on level 2 of the Dungeon on Feb 24, 2020.
             The game lasted 00:01:25 (181 turns).

Maize the Chopper (Minotaur Berserker)               Turns: 181, Time: 00:01:26

Health: 0/19       AC:  8    Str: 21    XL:     1   Next: 16%
Magic:  0/0        EV:  8    Int:  4    God:    Trog [*.....]
Gold:   2          SH:  0    Dex:  9    Spells: 0/0 levels left

rFire    . . .     SeeInvis .   a - +0 hand axe
rCold    . . .     Gourm    .   (no shield)
rNeg     . . .     Faith    .   d - +0 chain mail
rPois    .         Spirit   .   (helmet restricted)
rElec    .         Reflect  .   (no cloak)
rCorr    .         Harm     .   (no gloves)
MR       .....                  (no boots)
Stlth    ..........             (no amulet)
HPRegen  0.06/turn              (no ring)
MPRegen  0.07/turn              (no ring)

@: no status effects
A: retaliatory headbutt, horns 2
a: Berserk, Renounce Religion


You were on level 2 of the Dungeon.
You worshipped Trog.
Trog was aware of your devotion.
You were not hungry.

You visited 1 branch of the dungeon, and saw 2 of its levels.

You collected 2 gold pieces.

Inventory:

Hand Weapons
 a - a +0 hand axe (weapon)
Armour
 b - a +0 animal skin
 d - a +0 chain mail (worn)
Comestibles
 c - a ration


   Skills:
 + Level 3.6 Fighting
 * Level 3.7 Axes
 + Level 2.4 Armour
 - Level 2.1 Dodging


You couldn't memorise any spells.
You didn't know any spells.
Your spell library was empty.

Dungeon Overview and Level Annotations

Branches:
Dungeon (2/15)

Altars:
Wu Jian


Innate Abilities, Weirdness & Mutations

You reflexively headbutt those who attack you in melee.
You have a pair of horns on your head.


Message History

The hobgoblin completely misses you. The rat bites you but does no damage.
The hobgoblin hits you with a +0 club.
* * * LOW HITPOINT WARNING * * *
The rat bites you but does no damage. The hobgoblin barely misses you.
The rat barely misses you.
The hobgoblin hits you but does no damage.
The rat closely misses you.
The hobgoblin hits you but does no damage.
The rat bites you.
* * * LOW HITPOINT WARNING * * *
The hobgoblin misses you. The rat barely misses you.
The hobgoblin hits you with a +0 club.
* * * LOW HITPOINT WARNING * * *
The rat bites you.
* * * LOW HITPOINT WARNING * * *
The hobgoblin hits you but does no damage.
The rat bites you but does no damage. The hobgoblin misses you.
The rat misses you. The hobgoblin hits you with a +0 club.
You die...

#.## #.#.. ##...#### #
#.......# .. #..#....#####.#
# ##..#...........
#.##..##..........####
####......)...@g.# #....#
...........#.#r..###....# .#
.###.............##.....#..#
......#..#.........._......
##..............#.....##..#
#..#......#....#....## ..#
#..............#)...###..#
#............<.####......#
...#......#.............!#


You could see a hobgoblin and a rat.

Vanquished Creatures
  A kobold (D:1)
  A rat (D:2)
2 creatures vanquished.

Notes
Turn   | Place    | Note
-------+----------+-------------------------------------------
     0 | D:1      | Maize the Minotaur Berserker began the quest for the Orb.
     0 | D:1      | Reached XP level 1. HP: 19/19 MP: 0/0
    82 | D:1      | Upgraded the game from 0.25-a0-2-g6559c6c67a to
                  | 0.25-a0-558-g78a2afb0af
   136 | D:2      | Found an ornate altar of the Wu Jian Council.
   181 | D:2      | Slain by a hobgoblin

Levels and vault maps discovered:
D:1:      kennysheep_arrival_forest, layout_basic
D:2:      layout_rooms, old_standard_altar, nicolae_overflow_crystal_walls,
          first_ration, kennysheep_decorative_pillar, minmay_misc_feat_plants,
          minmay_pentomino_t4

Action                   || total
-------------------------++-------
Melee: Hand axe          ||     8
Armor: Chain mail        ||    35
Dodge: Dodged            ||    23

Table legend:
 A = Non-vault XP
 B = Vault XP
 C = Vault XP percentage of total XP
 D = Non-vault monster count
 E = Vault monster count
 F = Vault count percentage of total count
                 A         B        C        D         E       F
            +---------+---------+-------+---------+---------+-------
      Total |       2 |       0 |   0.0 |       2 |       0 |   0.0
            +---------+---------+-------+---------+---------+-------
        D:1 |       1 |       0 |   0.0 |       1 |       0 |   0.0
        D:2 |       1 |       0 |   0.0 |       1 |       0 |   0.0
            +---------+---------+-------+---------+---------+-------
